 Dungeon Crawl Stone Soup version 0.30-a0-728-gc68057be0a (webtiles) character file.

Game seed: 3479469348092812901

802 scionoferis the Ducker (level 7, -8/57 HPs)
             Began as a Demigod Hexslinger on Jan 30, 2023.
             Mangled by an ogre
             ... wielding a +0 giant spiked club
              (17 damage)
             ... on level 6 of the Dungeon.
             The game lasted 00:10:51 (4846 turns).

scionoferis the Ducker (Demigod Hexslinger)         Turns: 4846, Time: 00:10:52

Health: -8/57      AC:  7    Str: 13    XL:     7   Next: 33%
Magic:  10/11      EV: 15    Int: 24    God:
Gold:   362        SH:  0    Dex: 22    Spells: 7/8 levels left

rFire   + + .      SeeInvis .    a - +0 long sword
rCold   . . .      Faith    .    (no shield)
rNeg    . . .      Spirit   .    x - +1 robe "Lile" {rF++ Str-4}
rPois   .          Reflect  .    (no helmet)
rElec   .          Harm     .    (no cloak)
rCorr   .          Rampage  .    s - +2 pair of gloves
Will    .....                    k - +0 pair of boots
Stlth   +++                      (no amulet)
HPRegen 0.29/turn                m - ring "Kikiti" {Str+6 Int+3}
MPRegen 0.12/turn                A - +6 ring of intelligence

@: no status effects
A: high MP 1, forlorn, divine attributes
a: no special abilities


You were on level 6 of the Dungeon.
You visited 1 branch of the dungeon, and saw 6 of its levels.

You collected 362 gold pieces.


Innate Abilities, Weirdness & Mutations

You have an increased reservoir of magic. (+10% MP)
You shall have no god before yourself.
Your divine heritage dramatically boosts your attributes as you level up.


   Skills:
 + Level 3.3 Fighting
 * Level 3.8 Long Blades
 - Level 1.7 Ranged Weapons
 * Level 5.0 Dodging
 + Level 3.2 Stealth
 - Level 1.0 Spellcasting
 - Level 2.6 Hexes
 + Level 0.2 Evocations


You had 7 spell levels left.
You knew the following spells:

 Your Spells              Type           Power      Damage    Failure   Level
a - Slow                  Hex            56%        N/A       4%          1

Your spell library contained the following spells:

 Spells                   Type           Power      Damage    Failure   Level
 Sting                    Tmut/Pois      4%         1d3       13%         1
 Poisonous Vapours        Pois/Air       2%         N/A       21%         2
 Inner Flame              Hex/Fire       7%         N/A       22%         3
 Portal Projectile        Hex/Tloc       14%        N/A       22%         3
 Cause Fear               Hex            7%         N/A       41%         4
 Olgreb's Toxic Radiance  Pois           1%         N/A       78%         4
 Summon Ice Beast         Ice/Summ       1%         N/A       78%         4
 Summon Mana Viper        Hex/Summ       7%         N/A       91%         5
 Monstrous Menagerie      Summ           0%         N/A       100%        7

Inventory:

Hand Weapons
 a - a +0 long sword (weapon)
   (You found it on level 5 of the Dungeon)
 b - a +1 sling
 d - a +0 dagger
   (You took it off a kobold on level 4 of the Dungeon)
Missiles
 n - 10 javelins
 C - 3 poisoned darts (quivered)
Armour
 k - a +0 pair of boots (worn)
   (You found it on level 2 of the Dungeon)
 s - a +2 pair of gloves (worn)
   (You found it on level 3 of the Dungeon)
 x - the +1 robe "Lile" (worn) {rF++ Str-4}
   (You found it on level 4 of the Dungeon)

   Str:       It affects your strength (-4).
   rF:        It greatly protects you from fire.
Jewellery
 m - the ring "Kikiti" (left hand) {Str+6 Int+3}
   (You found it on level 2 of the Dungeon)

   [ring of strength]

   Str:       It affects your strength (+6).
   Int:       It affects your intelligence (+3).
 A - a +6 ring of intelligence (right hand)
   (You found it on level 4 of the Dungeon)
Wands
 r - a wand of mindburst (3)
   (You found it on level 3 of the Dungeon)
 w - a wand of charming (2)
   (You found it on level 4 of the Dungeon)
 F - a wand of light (13)
   (You found it on level 5 of the Dungeon)
Scrolls
 g - a scroll of noise {unknown}
 h - 3 scrolls of identify {unknown}
 i - 3 scrolls of fear
 j - a scroll of immolation {unknown}
 l - a scroll of magic mapping {unknown}
 o - a scroll of enchant weapon {unknown}
 p - 2 scrolls of poison
 t - a scroll of enchant armour {unknown}
 y - a scroll of amnesia {unknown}
 B - 3 scrolls of teleportation {unknown}
 D - a scroll of fog {unknown}
Potions
 c - 2 potions of flight {unknown}
 e - 2 potions of might {unknown}
 f - a potion of heal wounds {unknown}
 q - 3 potions of curing
 u - 2 potions of mutation {unknown}
 v - 3 potions of attraction {unknown}
 z - 2 potions of haste {unknown}
 E - a potion of magic {unknown}

Dungeon Overview and Level Annotations

Branches:
Dungeon (6/15)
 Temple: D:4-7

Shops:
D:6

: #. #. #.#. ##.
####.....#
..###.#......#
##.....#.....#
#......#.(.. ##
#.....#.. ###..
#.....O#.###.#...
#....@###.....#
...#.###.#......#
..
#.....#..>..#..[
#......#......#
#.#.....#.....##
. #
#......#.###.#...
.#.....###.....#
..#.###.#......#
...##.....#.....#


You could see an ogre.


Message History

You slash the gnoll!
You kill the gnoll!
You have reached level 5!
Things that are here:
a +0 flail; a gnoll corpse
There is a stone staircase leading down, spattered with blood here.
You start resting.
HP restored.
You climb downwards.
The giant cockroach barely misses you.
The giant cockroach bites you but does no damage.
There is a stone staircase leading up here.
The giant cockroach misses you.
You climb upwards.
There is a stone staircase leading down, spattered with blood here.
You closely miss the giant cockroach. The giant cockroach misses you.
You hit the giant cockroach.
You kill the giant cockroach!
No target in view!
You climb downwards.
There is a stone staircase leading up here.
The gnoll hits you with a +0 spear.
You hit the gnoll.
The gnoll is lightly wounded.
The gnoll barely misses you.
You barely miss the gnoll.
The gnoll is lightly wounded.
The gnoll hits you with a +0 spear. x2
You slash the gnoll! You punch the gnoll.
The gnoll is severely wounded.
The gnoll hits you with a +0 spear.
You closely miss the gnoll.
The gnoll is severely wounded.
The gnoll misses you.
You hit the gnoll.
You kill the gnoll!
Your Stealth skill increases to level 2!
You see here a +0 spear.
There is a stone staircase leading up here.
You start resting.
HP restored.
b - a +1 sling (weapon)
As you read the scroll labelled COFEFE MUNETO, it crumbles to dust.
You assume a fearsome visage.
Nothing appears to happen.
It was a scroll of fear.
Okay, then.
a - a +0 falchion (weapon)
b - a +1 sling (weapon)
You now have 290 gold pieces (gained 12).
You open the door.
A goblin comes into view. It is wielding a +0 club.
The goblin shouts!
There is an open door here.
You shoot a sling bullet. The sling bullet hits the goblin.
You kill the goblin!
No target in view!
You open the door.
There is an open door here.
w - a wand of charming (2)
You open the door.
There is an open door here.
You see here the +1 robe "Lile" {rF++ Str-4}.
x - the +1 robe "Lile" {rF++ Str-4} You start removing your armour.
You continue taking off your +0 robe. x4
You finish taking off your +0 robe.
You start putting on your armour.
You continue putting on the +1 robe "Lile" {rF++ Str-4}.
Something unseen opens the door.
You continue putting on the +1 robe "Lile" {rF++ Str-4}. x4
You finish putting on the +1 robe "Lile" {rF++ Str-4}.
You feel weaker.
a - a +0 falchion (weapon)
You strike the helpless phantom from behind!
You hit the phantom.
The phantom is lightly damaged.
The phantom hits you.
You hit the phantom but do no damage.
The phantom is lightly damaged.
The phantom closely misses you.
You barely miss the phantom.
The phantom is lightly damaged.
The phantom completely misses you.
You hit the phantom.
The phantom is moderately damaged.
The phantom closely misses you. x2
You barely miss the phantom.
The phantom is moderately damaged.
The phantom closely misses you.
You hit the phantom.
The phantom is moderately damaged.
The phantom hits you.
You miss the phantom.
The phantom is moderately damaged.
The phantom completely misses you.
You hit the phantom but do no damage.
The phantom is moderately damaged.
The phantom hits you but does no damage.
You hit the phantom.
The phantom is heavily damaged.
The phantom hits you.
The phantom blinks!
You blink.
The phantom barely misses you.
You barely miss the phantom.
The phantom is heavily damaged.
The phantom barely misses you.
You hit the phantom.
The phantom is heavily damaged.
The phantom closely misses you.
You hit the phantom.
The phantom is severely damaged.
The phantom misses you.
You hit the phantom.
The phantom is severely damaged.
The phantom hits you but does no damage.
You slash the phantom!
The phantom is almost destroyed.
The phantom hits you.
The phantom blinks!
You blink.
The phantom hits you.
The phantom blinks!
You blink.
You barely miss the phantom.
The phantom is almost destroyed.
The phantom hits you.
You hit the phantom.
You destroy the phantom!
Your Long Blades skill increases to level 2!
No target in view!
You start resting.
A ball python comes into view.
b - a +1 sling (weapon)
You shoot a sling bullet.
The sling bullet closely misses the ball python.
The ball python hisses angrily.
You shoot a sling bullet. The sling bullet hits the ball python!
You kill the ball python!
a - a +0 falchion (weapon)
Unknown command.
You drop a +0 robe.
b - a +1 sling (weapon)
HP restored.
You see here a ball python corpse.
There is an open door here.
c - a brown potion You open the door.
There is an open door here.
As you open the door, it creaks loudly!
There is an open door here.
Found a stone staircase leading up.
You open the door.
Found a stone staircase leading down.
There is an open door here.
There is a stone staircase leading down here.
There is an open door here.
As you open the door, it creaks loudly!
Found a cyan potion.
There is an open door here.
z - a cyan potion
There is an open door here.
You open the door.
There is an open door here.
You open the door.
A kobold comes into view.
It is wielding a +0 whip and quivering poisoned darts.
a - a +0 falchion (weapon)
The kobold closely misses you.
There is an open door here.
You hit the kobold.
The kobold is severely wounded.
The kobold hits you with a +0 whip.
You closely miss the kobold.
The kobold is severely wounded.
The kobold hits you but does no damage.
You hit the kobold.
You kill the kobold!
Things that are here:
a +0 whip; 4 poisoned darts
y - 4 poisoned darts
b - a +1 sling (weapon)
There is an open door here.
You open the door.
There is an open door here.
You open the door.
There is an open door here.
You open the door.
There is an open door here.
You open the door.
An orc and a kobold come into view.
You shoot a sling bullet. The sling bullet hits the kobold.
You kill the kobold!
You hear a shout! x2
There is an open door here.
An orc comes into view. It is wielding a +0 club.
An orc comes into view. It is wielding a +0 dagger.
There is an open door here.
There is an open door here.
You shoot a sling bullet. The sling bullet hits the orc.
You kill the orc!
You shoot a sling bullet. The sling bullet hits the orc.
The orc is heavily wounded.
You shoot a sling bullet. The sling bullet hits the orc!
You kill the orc!
There is an open door here.
Found an escape hatch in the floor and an escape hatch in the ceiling.
You open the door.
There is an open door here.
You open the door.
Found a club.
There is an open door here.
You open the door.
There is an open door here.
You open the door.
There is an open door here.
As you open the door, it creaks loudly!
There is an open door here.
You open the door.
There is an open door here.
There is an open door here.
You open the door.
There is an open door here.
Found a stone staircase leading down.
There is an open door here.
There is an open door here.
You open the door.
There is an open door here.
You open the door.
There is an open door here.
You open the door.
There is an open door here.
You open the door.
There is an open door here.
There is an open door here.
There is an open door here.
There is an open door here.
There is an open door here.
There is an open door here.
There is an open door here.
There is an open door here.
You open the door.
There is an open door here.
There is an open door here.
There is an open door here.
You open the door.
There is an open door here.
You open the door.
There is an open door here.
There is an open door here.
There is an open door here.
A - a +6 ring of intelligence You feel clever.
A - a +6 ring of intelligence (right hand)
You open the door.
Found a stone staircase leading down.
There is an open door here.
You now have 292 gold pieces (gained 2).
n - 10 javelins (gained 4)
You open the door.
Found a stone staircase leading up.
A kobold comes into view. It is wielding a +0 dagger.
You shoot a sling bullet. The sling bullet hits the kobold.
You kill the kobold!
Found 6 stones.
You now have 297 gold pieces (gained 5).
You open the door.
There is an open door here.
You open the door.
There is an open door here.
You open the door.
There is an open door here.
There is an open door here.
There is an open door here.
There is an open door here.
There is an open door here.
There is an open door here.
There is an open door here.
You open the door.
There is an open door here.
You open the door.
There is an open door here.
You open the door.
There is an open door here.
As you open the door, it creaks loudly!
An adder comes into view.
The adder hisses angrily.
The adder bites you but does no damage.
a - a +0 falchion (weapon)
You hit the adder.
The adder is heavily wounded.
The adder misses you. The adder barely misses you.
You slash the adder!
You kill the adder!
A scorpion comes into view.
The scorpion stings you but does no damage.
There is an open door here.
You hit the scorpion but do no damage. You hit the scorpion.
The scorpion is moderately wounded.
The scorpion barely misses you.
You hit the scorpion but do no damage.
The scorpion is moderately wounded.
The scorpion misses you. The scorpion closely misses you.
You closely miss the scorpion.
The scorpion is moderately wounded.
The scorpion misses you.
You hit the scorpion but do no damage.
The scorpion is moderately wounded.
The scorpion stings you.
You are poisoned.
The scorpion poisons you! The scorpion closely misses you.
You barely miss the scorpion.
The scorpion is moderately wounded.
You feel sick. The scorpion completely misses you.
You barely miss the scorpion.
The scorpion is moderately wounded.
You feel sick.
The scorpion stings you but does no damage.
You hit the scorpion.
The scorpion is moderately wounded.
You feel sick. The scorpion stings you.
The scorpion stings you but does no damage.
You barely miss the scorpion.
The scorpion is moderately wounded.
You feel sick.
The scorpion stings you but does no damage.
You hit the scorpion.
The scorpion is heavily wounded.
You feel sick. The scorpion barely misses you.
The scorpion stings you but does no damage.
You barely miss the scorpion.
The scorpion is heavily wounded.
You feel sick.
You are no longer poisoned.
The scorpion stings you.
You hit the scorpion but do no damage.
The scorpion is heavily wounded.
The scorpion closely misses you. x2
You slash the scorpion!
You kill the scorpion!
Your Dodging skill increases to level 4!
You have reached level 6!
Your experience leads to a dramatic increase in your attributes!
Your base attributes are Str 11, Int 15, Dex 18.
Increase (S)trength, (I)ntelligence, or (D)exterity?
You feel agile. x4
b - a +1 sling (weapon)
An orc comes into view. It is wielding a +0 short sword.
You shoot a sling bullet. The sling bullet hits the orc.
The orc is severely wounded.
You shoot a sling bullet.
The sling bullet closely misses the orc.
You shoot a sling bullet. The sling bullet barely misses the orc.
You shoot a sling bullet.
The sling bullet hits the orc but does no damage.
The orc is severely wounded.
You shoot a sling bullet. The sling bullet hits the orc!
You kill the orc!
You now have 304 gold pieces (gained 7).
Things that are here:
a +0 short sword; an orc corpse
There is an open door here.
A worm comes into view.
Found a quarterstaff.
You shoot a sling bullet. The sling bullet hits the worm.
The worm is lightly wounded.
You shoot a sling bullet. The sling bullet hits the worm!
The worm is heavily wounded.
You shoot a sling bullet. The sling bullet hits the worm.
The worm is severely wounded.
You shoot a sling bullet. The sling bullet hits the worm.
The worm is almost dead.
You shoot a sling bullet. The sling bullet hits the worm.
You kill the worm!
No target in view!
Done exploring.
Done exploring.
Search for what [Enter for "d:", or ? for help]? d: Unknown command.
There is an open door here.
There is an open door here.
There is a stone staircase leading down here.
Unknown command.
You climb downwards.
Found a scale mail and a metallic emerald potion.
Found a radiant altar of Vehumet.
There is a stone staircase leading up here.
a - a +0 falchion (weapon)
The white imp gestures at you. The puff of frost hits you.
The white imp gestures at you. The puff of frost misses you.
You barely miss the white imp. The white imp gestures at you.
The puff of frost hits you!
You hit the white imp.
The white imp is heavily wounded.
The white imp misses you.
You slash the white imp!
You kill the white imp!
There is a stone staircase leading up here.
Search for what [Enter for "d:", or ? for help]? dagger You climb upwards.
There is a stone staircase leading down here.
HP restored.
There is an open door here.
There is an open door here.
There is an open door here.
You see here 6 stones.
You see here a +0 dagger.
B - a +0 dagger Adjust to which letter? (? for menu, Esc to quit)
d - a +0 dagger;
B - 3 scrolls labelled NEUHEFENIPS You open the door.
There is an open door here.
There is a stone staircase leading down here.
You climb downwards.
The iguana hisses angrily.
You hear a loud, deep croak!
Found a plate armour, 17 gold pieces and a pair of gloves.
There is a stone staircase leading up here.
b - a +1 sling (weapon)
You shoot a sling bullet. The sling bullet hits the quokka.
The quokka is moderately wounded.
You shoot a sling bullet.
The sling bullet hits the quokka but does no damage.
The quokka is moderately wounded.
The quokka bites you but does no damage.
The quokka barely misses you.
You climb upwards.
There is a stone staircase leading down here.
a - a +0 falchion (weapon)
You miss the quokka.
The quokka is moderately wounded.
The quokka bites you. x2
You closely miss the quokka.
The quokka is moderately wounded.
The quokka bites you but does no damage.
You slash the quokka!
You kill the quokka!
No target in view!
You start resting.
HP restored.
You start waiting.
Done waiting.
You climb downwards.
The iguana barely misses you. x2
A bullfrog comes into view.
There is a stone staircase leading up here.
The iguana completely misses you.
You climb upwards.
There is a stone staircase leading down here.
You closely miss the iguana. The iguana misses you.
You hit the iguana.
The iguana is lightly wounded.
The iguana bites you.
You hit the iguana.
The iguana is moderately wounded.
The iguana closely misses you.
You completely miss the iguana.
The iguana is moderately wounded.
The iguana bites you but does no damage.
You closely miss the iguana.
The iguana is moderately wounded.
The iguana bites you. The iguana barely misses you.
You hit the iguana.
The iguana is heavily wounded.
The iguana barely misses you.
You barely miss the iguana.
The iguana is heavily wounded.
The iguana closely misses you.
You hit the iguana but do no damage.
The iguana is heavily wounded.
The iguana barely misses you.
You hit the iguana.
The iguana is almost dead.
The iguana misses you.
You hit the iguana.
The iguana is almost dead.
The iguana barely misses you.
You hit the iguana but do no damage.
The iguana is almost dead.
The iguana bites you.
You hit the iguana.
You kill the iguana!
You start resting.
HP restored.
You climb downwards.
There is a stone staircase leading up here.
b - a +1 sling (weapon)
You shoot a sling bullet. The sling bullet hits the bullfrog.
The bullfrog is lightly wounded.
You shoot a sling bullet. The sling bullet hits the bullfrog.
The bullfrog is lightly wounded.
The bullfrog snags a nearby centipede with its tongue.
a - a +0 falchion (weapon)
You closely miss the bullfrog.
The bullfrog is lightly wounded.
The bullfrog hits you but does no damage.
The bullfrog misses you.
You closely miss the bullfrog.
The bullfrog is lightly wounded.
The bullfrog misses you.
You barely miss the bullfrog.
The bullfrog is lightly wounded.
The bullfrog closely misses you. x2
You closely miss the bullfrog.
The bullfrog is lightly wounded.
The bullfrog hits you. The bullfrog closely misses you.
You slash the bullfrog!
The bullfrog is heavily wounded.
The bullfrog barely misses you. x2
You hit the bullfrog. You punch the bullfrog.
The bullfrog is heavily wounded.
The bullfrog misses you. The bullfrog barely misses you.
You hit the bullfrog.
The bullfrog is almost dead.
The bullfrog hits you.
You hit the bullfrog.
You kill the bullfrog!
No target in view!
b - a +1 sling (weapon)
You start resting.
HP restored.
A water moccasin comes into view.
You shoot a sling bullet.
The sling bullet hits the water moccasin!
The water moccasin hisses angrily.
The water moccasin is moderately wounded.
You shoot a sling bullet.
The sling bullet closely misses the water moccasin.
You shoot a sling bullet.
The sling bullet misses the water moccasin.
a - a +0 falchion (weapon)
The water moccasin barely misses you.
Aiming: Mindburst
Press: ? - help, Shift-Dir - straight line, f/p - water moccasin
Aim: a water moccasin (moderately wounded, chance to affect: 64%)
The water moccasin's mind is blasted!
The water moccasin barely misses you.
You hit the water moccasin.
The water moccasin is severely wounded.
The water moccasin misses you. x2
You miss the water moccasin.
The water moccasin is severely wounded.
The water moccasin bites you but does no damage.
You hit the water moccasin.
The water moccasin is severely wounded.
The water moccasin bites you. The water moccasin barely misses you.
You hit the water moccasin.
The water moccasin is almost dead.
The water moccasin bites you.
You hit the water moccasin.
You kill the water moccasin!
Your Fighting skill increases to level 3!
Your Long Blades skill increases to level 3!
You start resting.
HP restored.
You see here a +0 pair of gloves.
C - a +0 pair of gloves You start removing your armour.
You continue taking off your +2 pair of gloves. x4
You finish taking off your +2 pair of gloves.
You start putting on your armour.
You continue putting on your +0 pair of gloves. x5
You finish putting on your +0 pair of gloves.
You start removing your armour.
You continue taking off your +0 pair of gloves. x4
You finish taking off your +0 pair of gloves.
You start putting on your armour.
You continue putting on your +2 pair of gloves. x5
You finish putting on your +2 pair of gloves.
You drop a +0 pair of gloves.
b - a +1 sling (weapon)
Found a stone staircase leading up.
You now have 321 gold pieces (gained 17).
An adder comes into view.
The adder hisses angrily.
You shoot a sling bullet.
The sling bullet barely misses the adder.
An ogre comes into view. It is wielding a +0 giant club.
You shoot a sling bullet.
The sling bullet closely misses the adder.
The ogre shouts!
The adder attacks as you move away! The adder closely misses you.
The adder attacks as you move away! The adder closely misses you.
The adder bites you.
You see here a bullfrog corpse.
The adder attacks as you move away! The adder bites you.
You are poisoned.
The adder poisons you!
You feel sick.
There is a stone staircase leading up here.
You feel sick. The adder closely misses you.
You climb upwards.
You feel sick.
There is a stone staircase leading down, spattered with blood here.
a - a +0 falchion (weapon)
You feel sick. The adder closely misses you.
You closely miss the adder.
You feel sick. The adder barely misses you.
You hit the adder.
The adder is moderately wounded.
You feel sick.
You are no longer poisoned.
The adder closely misses you. x2
You barely miss the adder.
The adder is moderately wounded.
The adder bites you but does no damage.
You closely miss the adder.
The adder is moderately wounded.
The adder closely misses you. x2
You miss the adder.
The adder is moderately wounded.
The adder misses you.
You hit the adder.
The adder is heavily wounded.
The adder closely misses you. The adder misses you.
You miss the adder.
The adder is heavily wounded.
The adder bites you but does no damage. x2
You slash the adder!
You kill the adder!
No target in view!
There is an open door here.
There is an open door here.
There is an open door here.
HP restored.
There is an open door here.
There is an open door here.
There is a stone staircase leading down here.
You climb downwards.
There is a stone staircase leading up here.
b - a +1 sling (weapon)
An adder comes into view.
The adder hisses angrily.
You shoot a sling bullet.
The sling bullet closely misses the adder.
You shoot a sling bullet. The sling bullet hits the adder.
The adder is lightly wounded.
a - a +0 falchion (weapon)
You barely miss the adder.
The adder is lightly wounded.
The adder bites you.
You miss the adder.
The adder is lightly wounded.
The adder closely misses you. x2
You completely miss the adder.
The adder is lightly wounded.
The adder closely misses you.
You completely miss the adder.
The adder is lightly wounded.
The adder bites you but does no damage.
You slash the adder!
The adder is almost dead.
The adder barely misses you. The adder closely misses you.
You hit the adder but do no damage.
The adder is almost dead.
The adder closely misses you.
You closely miss the adder.
The adder is almost dead.
The adder bites you but does no damage. The adder closely misses you.
You miss the adder.
The adder is almost dead.
The adder bites you.
You miss the adder.
The adder is almost dead.
The adder misses you. The adder completely misses you.
You slash the adder!
You kill the adder!
No target in view!
b - a +1 sling (weapon)
HP restored.
You see here a scroll labelled EMURAR JIJUINI.
a - a +0 falchion (weapon)
Throw: 4 darts (poison)
Press: ? - help, Q - select action, (/) - cycle Shift-Dir - straight line, f - ogre
Aim: an ogre, wielding a +0 giant club (77% to hit)
You throw a poisoned dart. The poisoned dart hits the ogre.
The ogre is poisoned.
Throw: 3 darts (poison)
Press: ? - help, Q - select action, (/) - cycle Shift-Dir - straight line, f/p - ogre
Aim: an ogre, wielding a +0 giant club (poisoned, 77% to hit)
You throw a poisoned dart. The poisoned dart hits the ogre.
The ogre looks even sicker.
Throw: 2 darts (poison)
Press: ? - help, Q - select action, (/) - cycle Shift-Dir - straight line, f/p - ogre
Aim: an ogre, wielding a +0 giant club (very poisoned, 77% to hit)
You throw a poisoned dart. The poisoned dart hits the ogre.
Throw: dart (poison)
Press: ? - help, Q - select action, (/) - cycle Shift-Dir - straight line, f/p - ogre
Aim: an ogre, wielding a +0 giant club (very poisoned, 77% to hit)
You throw a poisoned dart. The poisoned dart hits the ogre.
Casting: Slow (safe; 4% risk of failure)
Confirm with . or Enter, or press ? or * to list all spells.
Aiming: Slow (safe; 4% risk of failure)
Press: ? - help, Shift-Dir - straight line, f/p - ogre
Aim: an ogre, wielding a +0 giant club (very poisoned, chance to affect: 48%)
The ogre resists with some effort.
You hit the ogre.
The ogre is moderately wounded.
The ogre closely misses you.
You hit the ogre but do no damage.
The ogre is moderately wounded.
The ogre hits you with a +0 giant club!
You slash the ogre!
The ogre is severely wounded.
The ogre hits you with a +0 giant club.
You hit the ogre.
The ogre is almost dead.
The ogre closely misses you.
You slash the ogre!
You kill the ogre!
Your Stealth skill increases to level 3!
You have reached level 7!
b - a +1 sling (weapon)
Magic restored.
y - a scroll labelled EMURAR JIJUINI
Things that are here:
a +0 giant club; an ogre corpse
C - a poisoned dart
C - 2 poisoned darts (gained 1)
C - 3 poisoned darts (gained 1)
C - 4 poisoned darts (gained 1)
D - a scroll labelled QOUT WOBRAM
Found a stone staircase leading down.
p - 2 scrolls of poison (gained 1)
Found a hand axe.
c - 2 brown potions (gained 1)
You now have 333 gold pieces (gained 12).
Found a flail.
There is a stone staircase leading down here.
A scorpion comes into view.
You shoot a sling bullet. The sling bullet hits the scorpion.
The scorpion is lightly wounded.
You shoot a sling bullet. The sling bullet hits the scorpion.
The scorpion is heavily wounded.
You shoot a sling bullet. The sling bullet hits the scorpion!
The scorpion is almost dead.
a - a +0 falchion (weapon)
The scorpion barely misses you.
You hit the scorpion but do no damage.
The scorpion is almost dead.
The scorpion closely misses you.
You hit the scorpion but do no damage.
The scorpion is almost dead.
The scorpion closely misses you.
You hit the scorpion.
You kill the scorpion!
No target in view!
No target in view!
b - a +1 sling (weapon)
Found a long sword and 7 stones.
You see here a +0 long sword.
E - a +0 long sword You drop a +0 falchion.
Adjust to which letter? (? for menu, Esc to quit)
a - a +0 long sword
a - a +0 long sword (weapon)
b - a +1 sling (weapon)
a - a +0 long sword (weapon)
b - a +1 sling (weapon)
h - 3 scrolls labelled NEZEKKOIPY (gained 1)
Found a ring mail.
Found 4 stones.
Found a short sword and 3 stones.
E - a metallic emerald potion An orc comes into view.
It is wielding a +0 club.
You shoot a sling bullet.
The sling bullet completely misses the orc.
You shoot a sling bullet. The sling bullet barely misses the orc.
The orc shouts!
An orc comes into view. It is wielding a +0 short sword.
An orc comes into view. It is wielding a +0 flail.
An orc comes into view. It is wielding a +0 trident.
You shoot a sling bullet. The sling bullet hits the orc!
You kill the orc!
You shoot a sling bullet. The sling bullet hits the orc.
The orc is heavily wounded.
You shoot a sling bullet. The sling bullet hits the orc.
You kill the orc!
You shoot a sling bullet.
The sling bullet hits the orc but does no damage.
You shoot a sling bullet. The sling bullet hits the orc.
The orc is heavily wounded.
a - a +0 long sword (weapon)
The orc hits you with a +0 flail.
You barely miss the orc.
The orc is heavily wounded.
The orc closely misses you.
The orc hits you from afar with a +0 trident.
You slash the orc!
You kill the orc!
The orc completely misses you. The orc hits you with a +0 trident.
You see here a +0 flail.
You hit the orc.
The orc is heavily wounded.
The orc closely misses you.
You hit the orc.
You kill the orc!
No target in view!
No target in view!
b - a +1 sling (weapon)
Things that are here:
a +0 trident; a +0 ring mail You see here a +0 short sword.
Things that are here:
a +0 trident; a +0 ring mail You see here a +0 flail.
You see here a +0 short sword.
As you open the door, it creaks loudly!
There is an open door here.
u - 2 lumpy sapphire potions (gained 1)
An iguana comes into view.
The iguana hisses angrily.
a - a +0 long sword (weapon)
You barely miss the iguana. The iguana barely misses you.
You slash the iguana!
The iguana is heavily wounded.
The iguana bites you.
You barely miss the iguana.
The iguana is heavily wounded.
The iguana bites you.
You hit the iguana but do no damage.
The iguana is heavily wounded.
The iguana barely misses you.
You hit the iguana but do no damage.
The iguana is heavily wounded.
The iguana closely misses you. The iguana bites you!
You hit the iguana.
The iguana is severely wounded.
The iguana bites you!
You hit the iguana but do no damage. You punch the iguana, but do no damage.
The iguana is severely wounded.
The iguana closely misses you.
You slash the iguana!
You kill the iguana!
No target in view!
b - a +1 sling (weapon)
You open the door.
There is an open door here.
Found a stone staircase leading down.
There is a stone staircase leading down here.
A dart slug comes into view.
You shoot a sling bullet. The sling bullet hits the dart slug!
The dart slug is almost dead.
You shoot a sling bullet. The sling bullet hits the dart slug!
You kill the dart slug!
No target in view!
F - a wand of light (13) As you open the door, it creaks loudly!
You open the door.
There is an open door here.
There is an open door here.
There is an open door here.
Found a club.
You see here a +0 club.
An orc comes into view. It is wielding a +0 whip.
You shoot a sling bullet. The sling bullet hits the orc.
The orc shouts!
The orc is severely wounded.
You shoot a sling bullet. The sling bullet hits the orc!
You kill the orc!
Found a stone staircase leading down.
A quokka comes into view.
A quokka is nearby!
You shoot a sling bullet. The sling bullet hits the quokka.
The quokka is moderately wounded.
You shoot a sling bullet.
The sling bullet barely misses the quokka.
The quokka barely misses you.
You shoot a sling bullet. The sling bullet hits the quokka.
The quokka is heavily wounded.
The quokka bites you but does no damage.
a - a +0 long sword (weapon)
The quokka bites you but does no damage.
You closely miss the quokka.
The quokka is moderately wounded.
The quokka misses you.
You hit the quokka.
The quokka is almost dead.
The quokka closely misses you. x2
You slash the quokka!
You kill the quokka!
No target in view!
b - a +1 sling (weapon)
You see here a quokka corpse.
Found a white marble altar of Elyvilon.
An iguana comes into view.
You shoot a sling bullet.
The sling bullet barely misses the iguana.
The iguana hisses angrily.
You shoot a sling bullet.
The sling bullet barely misses the iguana.
a - a +0 long sword (weapon)
You hit the iguana but do no damage. The iguana closely misses you.
You hit the iguana.
The iguana is lightly wounded.
The iguana completely misses you.
You slash the iguana!
The iguana is almost dead.
The iguana bites you but does no damage.
The iguana bites you!
You hit the iguana.
The iguana is almost dead.
The iguana barely misses you.
You hit the iguana.
You kill the iguana!
b - a +1 sling (weapon)
An iguana comes into view.
You see here an iguana corpse.
You shoot a sling bullet.
The sling bullet hits the iguana but does no damage.
The iguana hisses angrily.
You shoot a sling bullet.
The sling bullet closely misses the iguana.
You shoot a sling bullet.
The sling bullet closely misses the iguana.
You shoot a sling bullet. The sling bullet hits the iguana.
The iguana is lightly wounded.
a - a +0 long sword (weapon)
The iguana misses you.
You slash the iguana!
The iguana is severely wounded.
The iguana closely misses you.
The iguana bites you but does no damage.
You hit the iguana.
The iguana is severely wounded.
The iguana misses you.
You hit the iguana but do no damage.
The iguana is severely wounded.
The iguana bites you but does no damage.
You hit the iguana but do no damage.
The iguana is severely wounded.
The iguana closely misses you.
You hit the iguana but do no damage.
The iguana is severely wounded.
The iguana barely misses you.
You slash the iguana!
You kill the iguana!
Your Dodging skill increases to level 5!
No target in view!
b - a +1 sling (weapon)
You see here an iguana corpse.
q - 3 potions of curing (gained 2)
Found a falchion.
You see here a +0 falchion.
Done exploring.
Search for what [Enter for "dagger", or ? for help]? d: Unknown command.
Unknown command.
You see here an iguana corpse.
There is a stone staircase leading down here.
You climb downwards.
Found Wuiggon's Vocational Training.
There is a stone staircase leading up here.
You climb upwards.
There is a stone staircase leading down here.
There is a stone staircase leading down here.
You climb downwards.
There is a stone staircase leading up here.
v - 3 green potions (gained 1)
You now have 346 gold pieces (gained 13).
Found an escape hatch in the floor.
You pick up a book of Beasts and begin reading...
You add the spells Summon Ice Beast, Summon Mana Viper and Monstrous Menagerie to your library.
Okay, then.
An orc comes into view. It is wielding a +0 club.
You shoot a sling bullet. The sling bullet hits the orc.
The orc is lightly wounded.
You shoot a sling bullet.
The sling bullet closely misses the orc.
a - a +0 long sword (weapon)
You completely miss the orc. The orc closely misses you.
The orc hits you but does no damage.
You hit the orc.
The orc is heavily wounded.
The orc barely misses you.
You slash the orc!
You kill the orc!
No target in view!
No target in view!
b - a +1 sling (weapon)
You now have 362 gold pieces (gained 16).
z - 2 cyan potions (gained 1)
Found a leather armour.
Found a stone staircase leading down.
An ogre comes into view. It is wielding a +0 giant spiked club.
a - a +0 long sword (weapon)
Throw: 4 darts (poison)
Press: ? - help, Q - select action, (/) - cycle Shift-Dir - straight line, f - ogre
Aim: an ogre, wielding a +0 giant spiked club (77% to hit)
You throw a poisoned dart. The poisoned dart hits the ogre.
Casting: Slow (safe; 4% risk of failure)
Confirm with . or Enter, or press ? or * to list all spells.
Aiming: Slow (safe; 4% risk of failure)
Press: ? - help, Shift-Dir - straight line, f/p - ogre
Aim: an ogre, wielding a +0 giant spiked club (chance to affect: 48%)
The ogre resists with some effort.
You closely miss the ogre.
The ogre hits you with a +0 giant spiked club!!
You slash the ogre!
The ogre is heavily wounded.
The ogre hits you with a +0 giant spiked club!!
* * * LOW HITPOINT WARNING * * *
You hit the ogre but do no damage. You punch the ogre.
The ogre is heavily wounded.
The ogre closely misses you.
You hit the ogre.
The ogre is heavily wounded.
You barely miss the ogre.
The ogre is heavily wounded.
The ogre hits you with a +0 giant spiked club!
You die...

Skill      XL: |  1  2  3  4  5  6  7 |
---------------+----------------------+-----
Fighting       | 1 2 3 |  3.3
Dodging        | 2 3 4 5 |  5.0
Stealth        | 1 2 3 |  3.2
Long Blades    | 1 2 3 |  3.8
Ranged Weapons | |  1.7
Spellcasting   | |  1.0
Hexes          | |  2.6
Evocations     | |  0.2

Action                     |  1- 3 |  4- 6 |  7- 9 || total
---------------------------+-------+-------+-------++-------
  Melee: Falchion          |       |   131 |     3 ||   134
         Punch             |       |     3 |     2 ||     5
         Long sword        |       |       |    34 ||    34
   Fire: Sling             |   185 |    74 |    25 ||   284
  Throw: Dart              |       |     4 |     1 ||     5
   Cast: Slow              |       |     1 |     1 ||     2
  Evoke: Wand              |       |     1 |       ||     1
    Use: Potion            |     1 |       |       ||     1
         Scroll            |       |     1 |       ||     1
   Stab: Distracted        |       |     1 |       ||     1
 Armour: Robe              |    27 |    34 |     6 ||    67
  Dodge: Dodged            |    67 |   108 |    25 ||   200

Levels and vault maps discovered:
D:1:      co_arrival_random_square_maze, layout_rooms, minmay_statues_item
D:2:      layout_loops_ring, basic_altar, ebering_dispersal_statue_hall,
          kennysheep_potato
D:3:      cheibrodos_greedy_goblins, layout_loops_ring,
          grunt_temple_overflow_open, eat_drink_and_be_merry_uskayaw,
          kennysheep_generic_room_10
D:4:      layout_gridville, minmay_crossroads
D:5:      layout_basic, mainiacjoe_overflow_boulevard, old_standard_altar
D:6:      nicolae_BIG_FREAKIN_CUBE, layout_basic, serial_shops,
          nicolae_shop_overgrown_old_shop, nicolae_shop_vocational

Notes
Turn   | Place    | Note
-------+----------+-------------------------------------------
     0 | D:1      | scionoferis the Demigod Hexslinger began the quest for the
                  | Orb.
     0 | D:1      | Reached XP level 1. HP: 15/15 MP: 4/4
    59 | D:1      | Reached skill level 1 in Fighting
    99 | D:1      | Reached skill level 2 in Dodging
   291 | D:1      | Reached XP level 2. HP: 22/23 MP: 5/5
   499 | D:1      | Reached skill level 1 in Stealth
   814 | D:2      | Reached XP level 3. HP: 26/28 MP: 6/6
   915 | D:2      | Identified the ring "Kikiti" {Str+6 Int+3}
  1041 | D:2      | Reached skill level 3 in Dodging
  1638 | D:3      | Reached XP level 4. HP: 36/36 MP: 8/8
  1870 | D:3      | Reached skill level 2 in Fighting
  1877 | D:3      | Reached skill level 1 in Long Blades
  2345 | D:4      | Noticed a phantom
  2354 | D:3      | HP: 2/36 [gnoll/+0 flail (10)]
  2357 | D:3      | Reached XP level 5. HP: 3/41 MP: 9/9
  2515 | D:4      | Reached skill level 2 in Stealth
  2596 | D:4      | Identified the +1 robe "Lile" {rF++ Str-4}
  2625 | D:4      | Reached skill level 2 in Long Blades
  3304 | D:4      | Reached skill level 4 in Dodging
  3304 | D:4      | Reached XP level 6. HP: 33/50 MP: 10/10
  3485 | D:5      | Entered Level 5 of the Dungeon
  3756 | D:5      | Noticed a water moccasin
  3768 | D:5      | Killed a water moccasin
  3769 | D:5      | Reached skill level 3 in Fighting
  3769 | D:5      | Reached skill level 3 in Long Blades
  3942 | D:5      | Reached skill level 3 in Stealth
  3942 | D:5      | Reached XP level 7. HP: 36/57 MP: 9/11
  4660 | D:5      | Reached skill level 5 in Dodging
  4733 | D:6      | Found Wuiggon's Vocational Training.
  4846 | D:6      | Mangled by an ogre

Vanquished Creatures
  A water moccasin (D:5)
  An ogre (D:5)
  A phantom (D:4)
  A bullfrog (D:5)
  2 scorpions (D:4 D:5)
  4 iguanas (D:4 D:5)
  An orc wizard (D:3)
  7 adders (D:2 D:3 D:4 D:5)
  3 gnolls (D:4 D:3)
  A white imp (D:5)
  3 worms (D:2 D:4)
  5 dart slugs (D:1 D:2 D:3 D:5)
  13 orcs (D:3 D:4 D:5 D:6)
  6 ball pythons (D:1 D:2 D:3 D:4)
  2 endoplasms (D:2 D:3)
  6 giant cockroaches (D:1 D:2 D:3)
  8 goblins (D:1 D:3 D:4)
  8 hobgoblins (D:1 D:2 D:3)
  4 jackals (D:2)
  4 quokkas (D:1 D:2 D:4 D:5)
  7 bats (D:1 D:2 D:3)
  5 frilled lizards (D:1 D:2 D:3)
  7 kobolds (D:1 D:3 D:4)
  6 rats (D:1 D:2 D:3)
106 creatures vanquished.

Table legend: (Time is in decaauts)
 A = Elapsed time spent in this place.
 B = Non-inter-level travel time spent in this place.
 C = Inter-level travel time spent in this place.
 D = Time resting spent in this place.
 E = Time spent auto-exploring this place.
 F = Levels seen in this place.
 G = Mean time per level.
                   A        B        C        D        E       F      G
               +--------+--------+--------+--------+--------+-----+--------+
         Total |   4946 |   4669 |    277 |    501 |   3188 |   6 |  824.3 |
       Dungeon |   4946 |   4669 |    277 |    501 |   3188 |   6 |  824.3 |
               +--------+--------+--------+--------+--------+-----+--------+

Top non-repeatable levels by time:
     D:4: 1274 daAuts
     D:5: 1028 daAuts
     D:3: 1002 daAuts
     D:2: 957 daAuts
     D:1: 611 daAuts
     D:6: 72 daAuts

Table legend:
 A = Non-vault XP
 B = Vault XP
 C = Vault XP percentage of total XP
 D = Non-vault monster count
 E = Vault monster count
 F = Vault count percentage of total count
                 A         B        C        D         E       F
            +---------+---------+-------+---------+---------+-------
      Total |    1005 |     141 |  12.3 |      90 |      16 |  15.1
            +---------+---------+-------+---------+---------+-------
        D:1 |      30 |       0 |   0.0 |      18 |       0 |   0.0
        D:2 |      71 |       3 |   4.1 |      21 |       2 |   8.7
        D:3 |     104 |      25 |  19.4 |      18 |      13 |  41.9
        D:4 |     195 |     113 |  36.7 |      16 |       1 |   5.9
        D:5 |     602 |       0 |   0.0 |      16 |       0 |   0.0
        D:6 |       3 |       0 |   0.0 |       1 |       0 |   0.0
            +---------+---------+-------+---------+---------+-------
